 Dungeon Crawl Stone Soup version 0.29.1-13-g9f3cf754e1 (webtiles) character file.

Game seed: 1525080950139425458

16 Priul the Grave Robber (level 2, -1/15 HPs)
             Began as a Deep Elf Necromancer on Feb 7, 2023.
             Slain by a jackal (2 damage)
             ... on level 1 of the Dungeon.
             The game lasted 00:02:37 (390 turns).

Priul the Grave Robber (Deep Elf Necromancer)        Turns: 390, Time: 00:02:38

Health: -1/15      AC:  2    Str:  5    XL:     2   Next: 37%
Magic:  1/8        EV: 12    Int: 19    God:
Gold:   30         SH:  0    Dex: 15    Spells: 6/7 levels left

rFire   . . .      SeeInvis .   (no weapon)
rCold   . . .      Faith    .   (no shield)
rNeg    . . .      Spirit   .   a - +0 robe
rPois   .          Reflect  .   (no helmet)
rElec   .          Harm     .   (no cloak)
rCorr   .          Rampage  .   (no gloves)
Will    .....                   (no boots)
Stlth   ++........              (no amulet)
HPRegen 0.05/turn               (no ring)
MPRegen 0.11/turn               (no ring)

@: no status effects
A: no striking features
a: no special abilities


You were on level 1 of the Dungeon.
You visited 1 branch of the dungeon, and saw 1 of its levels.

You collected 30 gold pieces.

Inventory:

Missiles
 e - 5 poisoned darts (quivered)
Armour
 a - a +0 robe (worn)
Scrolls
 c - a scroll of blinking {unknown}
 f - a scroll of teleportation {unknown}
Potions
 b - a potion of magic
 d - a potion of haste {unknown}
 g - a potion of heal wounds {unknown}


   Skills:
 + Level 2.5 Dodging
 + Level 2.4 Stealth
 + Level 3.2 Spellcasting
 + Level 5.4 Necromancy


You had 6 spell levels left.
You knew the following spells:

 Your Spells              Type           Power      Damage    Failure   Level
a - Necrotise             Necr           92%        1d8       1%          1

Your spell library contained the following spells:

 Spells                   Type           Power      Damage    Failure   Level
 Vampiric Draining        Necr           23%        2d7       4%          3
 Animate Dead             Necr           23%        N/A       16%         4
 Agony                    Necr           23%        N/A       41%         5


Dungeon Overview and Level Annotations

Branches:
Dungeon (1/15)

Altars:


Message History

Your jackal skeleton barely misses the jackal.
Your jackal skeleton closely misses the jackal.
Casting: Necrotise (safe; 1% risk of failure)
Confirm with . or Enter, or press ? or * to list all spells.
Aiming: Necrotise (safe; 1% risk of failure)
Press: ? - help, Shift-Dir - straight line, f/p - jackal
Aim: a jackal (ally target, chance to affect: 91%)
The jackal writhes in agony.
The jackal bites you.
The jackal bites you but does no damage.
Your jackal skeleton completely misses the jackal.
Your jackal skeleton bites the jackal but does no damage.
The jackal closely misses you. The jackal bites you.
Casting: Necrotise (safe; 1% risk of failure)
Confirm with . or Enter, or press ? or * to list all spells.
You don't have enough magic to cast this spell.
Unknown command.
Your jackal skeleton closely misses the jackal.
Your jackal skeleton closely misses the jackal.
The jackal attacks as you move away! The jackal closely misses you.
Your jackal skeleton barely misses the jackal.
Throw: 6 darts (poison)
Press: ? - help, Q - select action, (/) - cycle Shift-Dir - straight line, f/p - jackal
Aim: a jackal (severely wounded, ally target, 50% to hit)
You throw a poisoned dart.
The poisoned dart closely misses the jackal.
The jackal bites you.
* * * LOW HITPOINT WARNING * * *
The jackal barely misses you.
Your jackal skeleton misses the jackal.
The jackal attacks as you move away! The jackal bites you.
* * * LOW HITPOINT WARNING * * *
Your jackal skeleton barely misses the jackal.
Your jackal skeleton misses the jackal.
The jackal attacks as you move away! The jackal closely misses you.
The jackal barely misses you. The jackal attacks as you move away!
The jackal barely misses you.
Your jackal skeleton barely misses the jackal.
The jackal attacks as you move away! The jackal bites you.
* * * LOW HITPOINT WARNING * * *
The jackal bites you.
You die...

≈≈≈≈≈≈≈≈### #.....#.#
≈...≈≈≈≈..####...#.#..
.≈≈≈.≈≈........#.#.#..#
.≈≈≈≈..≈.#######.# #...
<~≈≈≈≈≈≈.# #.# #...#
≈≈~≈≈≈≈≈.#######.# ...+
≈≈~≈≈≈≈≈.........#
≈≈~≈≈≈≈≈....####.#
≈~≈≈8≈≈≈....# #@#
~≈≈≈≈≈≈#....# #h#
~≈≈≈≈≈##....# #h#
≈~≈≈≈###....# #.#
...### #....# ##Z# ..##
#....# #..# #....###.##
#....Z.Z(# +.....####


You could see 2 jackals and a friendly jackal skeleton.

Vanquished Creatures
  2 endoplasms (D:1)
  A giant cockroach (D:1)
  A hobgoblin (D:1)
  2 jackals (D:1)
  A kobold (D:1)
  3 ball pythons (D:1)
  A frilled lizard (D:1)
  A goblin (D:1)
  A rat (D:1)
13 creatures vanquished.

Vanquished Creatures (collateral kills)
  A frilled lizard (D:1)
1 creature vanquished.

Grand Total: 14 creatures vanquished

Notes
Turn   | Place    | Note
-------+----------+-------------------------------------------
     0 | D:1      | Priul the Deep Elf Necromancer began the quest for the Orb.
     0 | D:1      | Reached XP level 1. HP: 10/10 MP: 6/6
    23 | D:1      | Reached skill level 5 in Necromancy
   139 | D:1      | Reached XP level 2. HP: 15/15 MP: 5/8
   390 | D:1      | Slain by a jackal

Illustrated notes

Levels and vault maps discovered:
D:1:      nzn_arrival_water_spiral, layout_basic

Skill      XL: |  1 |
---------------+----+-----
Necromancy     | 5 |  5.4
Dodging        | |  2.5
Stealth        | |  2.4
Spellcasting   | |  3.2

Action                   || total
-------------------------++-------
Throw: Dart              ||     1
 Cast: Necrotise         ||    25
Armor: Robe              ||     1
Dodge: Dodged            ||    10
